 Dungeon Crawl Stone Soup version 0.26-a0-278-g3b0d5afba5 (webtiles) character file.

Game seed: 17268982063488285250

53504 ZulDrogKhan the Basher (level 14, 0/143 HPs)
             Began as an Ogre Hedge Wizard on July 12, 2020.
             Was a High Priest of Okawaru.
             Slain by a blink frog (12 damage)
             ... on level 6 of the Lair of Beasts.
             The game lasted 01:57:35 (25859 turns).

ZulDrogKhan the Basher (Ogre Hedge Wizard)         Turns: 25859, Time: 01:57:35

Health: 0/143      AC:  8    Str: 17    XL:     14   Next: 68%
Magic:  20/36      EV: 11    Int: 21    God:    Okawaru [*****.]
Gold:   1571       SH:  0    Dex:  8    Spells: 0/31 levels left

rFire    + + .     SeeInvis +   O - +4 dire flail "Tepaumics" {drain, Fragile +Inv rElec Stlth+}
rCold    . . .     Faith    .   (shield currently unavailable)
rNeg     . . .     Spirit   .   t - +1 robe {rF+}
rPois    +         Reflect  .   a - +1 hat
rElec    +         Harm     .   e - +0 cloak
rCorr    .                      (gloves unavailable)
MR       +....                  (boots unavailable)
Stlth    +.........             g - amulet of regeneration
HPRegen  0.73/turn              H - ring "Ocuz" {rElec rPois rF+ SInv}
MPRegen  0.25/turn              l - ring of magical power

@: contaminated, glowing
A: large, unfitting armour, icy blue scales 1, clever 1, robust 1, tough skin 1,
wild magic 1
a: Heroism, Finesse, Renounce Religion, Evoke Invisibility


You were on level 6 of the Lair of Beasts.
You worshipped Okawaru.
Okawaru was extremely pleased with you.
You visited 3 branches of the dungeon, and saw 20 of its levels.
You also visited: Volcano.

You collected 1571 gold pieces.

Inventory:

Hand Weapons
 F - a +0 giant spiked club
 O - the +4 dire flail "Tepaumics" (weapon) {drain, Fragile +Inv rElec Stlth+}
   (You took it off a two-headed ogre on level 10 of the Dungeon)

   A truly terrible weapon, it drains the life of those it strikes.
   It insulates you from electricity.
   It lets you turn invisible.
   It will be destroyed if unequipped.
   It makes you more stealthy.
 P - the +4 giant club of Nitudih {drain, Str-3 Int+3 Dex+3, unknown}
   (Okawaru gifted it to you on level 4 of the Lair of Beasts)

   A truly terrible weapon, it drains the life of those it strikes.
   It affects your strength (-3).
   It affects your intelligence (+3).
   It affects your dexterity (+3).
 Y - the +8 giant club of Tianeh {flame, Int+3 Dex+3, unknown}
   (Okawaru gifted it to you on level 3 of the Lair of Beasts)

   It has been specially enchanted to burn those struck by it, causing extra
   injury to most foes and up to half again as much damage against particularly
   susceptible opponents.
   It affects your intelligence (+3).
   It affects your dexterity (+3).
Missiles
 E - 24 large rocks (quivered)
Armour
 a - a +1 hat (worn)
 e - a +0 cloak (worn)
 t - a +1 robe of fire resistance (worn)
 W - a +2 robe of magic resistance
Jewellery
 g - an amulet of regeneration (around neck)
 l - a ring of magical power (right hand)
 H - the ring "Ocuz" (left hand) {rElec rPois rF+ SInv}
   (You found it on level 9 of the Dungeon)

   [ring of see invisible]

   It protects you from fire.
   It insulates you from electricity.
   It protects you from poison.
   It lets you see invisible.
 M - an uncursed amulet of faith {unknown}
 N - an uncursed ring of teleportation
 V - an uncursed ring of resist corrosion
 Z - an uncursed amulet of the acrobat {unknown}
Wands
 i - a wand of paralysis (17)
 n - a wand of disintegration (24)
 w - a wand of polymorph (12)
 y - a wand of digging (6)
 A - a wand of acid (20)
 D - a wand of iceblast (31)
 X - a wand of clouds (12)
Scrolls
 b - 7 scrolls of teleportation
 c - 4 scrolls of enchant armour
 f - 4 scrolls of fear
 h - 12 scrolls of remove curse
 j - a scroll of blinking
 k - 5 scrolls of amnesia
 o - 2 scrolls of immolation
 v - a scroll of torment {unknown}
 x - 6 scrolls of magic mapping
 G - a scroll of random uselessness {unknown}
 J - a scroll of acquirement {unknown}
 L - 2 scrolls of fog
 Q - 4 scrolls of enchant weapon {unknown}
 U - a scroll of noise {unknown}
Potions
 d - 4 potions of ambrosia
 m - a potion of heal wounds
 p - 4 potions of might
 q - 3 potions of curing
 r - 5 potions of flight
 s - a potion of brilliance
 u - a potion of magic
 z - 2 potions of resistance {unknown}
 B - a potion of haste {unknown}
 C - 3 potions of mutation
 I - 5 potions of stabbing
 K - a potion of invisibility {unknown}
 S - a potion of berserk rage
 T - 2 potions of lignification
Miscellaneous
 R - a lightning rod (4/4)


   Skills:
 - Level 6.0 Fighting
 + Level 11.2 Maces & Flails
 - Level 8.0 Throwing
 * Level 3.6 Armour
 - Level 5.0 Dodging
 - Level 1.4 Stealth
 - Level 9.0 Spellcasting
 - Level 11.0 Conjurations
 - Level 5.3 Hexes
 - Level 3.1 Summonings
 - Level 4.0 Necromancy
 - Level 2.0 Translocations
 - Level 6.1 Transmutations
 - Level 2.0 Air Magic
 - Level 2.3 Invocations
 - Level 5.0 Evocations


You couldn't memorise any spells.
You knew the following spells:

 Your Spells              Type           Power        Failure   Level
a - Tukima's Dance        Hex            #####...     4%          3
b - Blink                 Tloc           N/A          8%          2
c - Mephitic Cloud        Conj/Pois/Air  #####...     6%          3
d - Call Imp              Summ           ####....     5%          2
e - Conjure Flame         Conj/Fire      #####...     4%          3
f - Portal Projectile     Hex/Tloc       ####..       8%          3
g - Cause Fear            Hex            #####.....   13%         4
h - Irradiate             Conj/Tmut      ######....   10%         5
i - Animate Skeleton      Necr           ####..       2%          1
j - Fireball              Conj/Fire      #####.....   28%         5

Your spell library contained the following spells:

 Spells                   Type           Power        Failure   Level
 Corona                   Hex            #####..      1%          1
 Magic Dart               Conj           ####         1%          1
 Searing Ray              Conj           ######       1%          2
 Dazzling Flash           Conj/Hex       ######       1%          3
 Slow                     Hex            #####...     2%          2
 Summon Small Mammal      Summ           ####         3%          1
 Confusing Touch          Hex            #####...     4%          3
 Fulminant Prism          Conj/Hex       ######....   4%          4
 Apportation              Tloc           ###...       5%          1
 Ensorcelled Hibernation  Hex/Ice        ####..       6%          2
 Iskenderun's Mystic Bla  Conj/Tloc      #####...     8%          4
 Inner Flame              Hex/Fire       ####....     11%         3
 Ignite Poison            Fire/Tmut/Pois ###.....     14%         3
 Leda's Liquefaction      Hex/Erth       ####......   32%         4
 Hydra Form               Tmut           #####.....   73%         6
 Starburst                Conj/Fire      #####.....   82%         6
 Statue Form              Tmut/Erth      ####.....    98%         6
 Dragon Form              Tmut           #####.....   99%         7
 Ring of Flames           Chrm/Fire      ##........   100%        7
 Ignition                 Fire           ##........   100%        8


Dungeon Overview and Level Annotations

Branches:
Dungeon (13/15)            Temple (1/1) D:6            Lair (6/6) D:8
 Shoals (0/4) Lair:2        Snake (0/4) Lair:4        Slime (0/5) Lair:5
    Orc (0/2) D:12         Vaults (0/5) D:13        Volcano (visited)

Altars:
Ashenzari
Cheibriados
Dithmenos
Elyvilon
Fedhas
Gozag
Hepliaklqana
Kikubaaqudgha
Makhleb
Nemelex Xobeh
Okawaru
Qazlal
Ru
Sif Muna
Trog
Uskayaw
Vehumet
Wu Jian
Xom
Yredelemnul
Zin
The Shining One
Beogh
Jiyva

Shops:
D:4 [   D:5 (   D:8 [   D:11 (

Annotations:
D:5 3 runed translucent doors, Gargoyl's ghost, amateur CeAK


Innate Abilities, Weirdness & Mutations

You are too large for most types of armour.
You have tough skin. (AC +1)
You are partially covered in icy blue scales. (AC +2)
Your mind is acute. (Int +2)
You are robust. (+10% HP)
Your spells are a little harder to cast, but a little more powerful.


Message History

Blink to where?
Press: ? - help, Dir - move target cursor
As you read the scroll of blinking, it crumbles to dust.
You feel sick.
The blink frog blinks!
You feel better.
Evoke which item? (* to show all) (? for menu, Esc to quit)
Okay, then.
Unknown command.
Okay, then.
Casting: Blink (safe; 8% risk of failure)
Confirm with . or Enter, or press ? or * to list all spells.
The komodo dragon resists with some effort.
The water moccasin looks frightened!
The blink frog looks frightened!
The blink frog easily resists. x2; The hippogriff looks frightened!
The blink frog hits you!
* * * LOW HITPOINT WARNING * * *
The blink frog blinks!
The blink frog hits you!
* * * LOW HITPOINT WARNING * * *
The blink frog blinks!
The blink frog hits you!
You die...

###### ###....### ###
.. ##......#.######@#
...
P..........##..F§##...
............F.........
.............l........
..........#.#§........
.........P##.....(....
##....§PP..#F#H.F.....
#.....FPP##..##S.##...
#..§F..P###.## ##


You could see a komodo dragon, a hippogriff (fleeing, drained), 4 blink frogs
and a water moccasin (fleeing, drained).

Vanquished Creatures
  Nessos (D:13)
  Snorg (Lair:4)
  11 two-headed ogres
  4 hydras
  An ogre mage (Volcano)
  A hell knight (Volcano)
  The ghost of pentaxis93 the Cutter, a novice OpCj of Vehumet (D:10)
  Sonja (D:10)
  2 unseen horrors
  Pikel (D:6)
  An orc knight (D:12)
  A deep elf mage (D:12)
  A salamander (shapeshifter) (D:13)
  3 cyclopes
  2 manticores
  3 elephants (Lair:4)
  A centaur zombie (D:10)
  Psyche (D:10)
  A merfolk siren (Lair:2)
  3 black mambas
  6 cane toads
  3 komodo dragons
  7 rime drakes
  4 trolls
  A queen bee (Lair:2)
  Grinder (D:3)
  3 merfolk (Lair:2)
  4 polar bears
  7 hippogriffs
  A hornet (D:11)
  8 blink frogs
  5 slime creatures
  10 dream sheep
  3 basilisks
  17 yaks
  A wraith (D:12)
  16 humans
  2 wyverns
  4 vampire mosquitoes (D:13)
  A soldier ant (D:13)
  A naga (Lair:4)
  9 water moccasins
  Duvessa (D:4)
  10 porcupines
  8 orc warriors
  6 ice beasts
  5 sky beasts
  5 black bears
  A necrophage (D:11)
  9 ogres
  5 phantoms
  34 wolves
  4 lemures (D:6)
  6 centaurs
  8 crocodiles
  2 big kobolds
  17 bullfrogs
  7 scorpions
  Dowan (D:4)
  A water moccasin skeleton (D:3)
  14 killer bees (Lair:2)
  A howler monkey (D:5)
  A crimson imp (D:8)
  7 hounds
  5 jellies
  2 bullfrog zombies (D:11)
  3 centaur skeletons
  17 orc priests
  A bullfrog skeleton (D:6)
  3 iguanas
  17 orc wizards
  6 worker ants
  A hound zombie (D:7)
  A hound skeleton (D:10)
  Robin (D:1)
  A howler monkey skeleton (D:10)
  11 adders
  A shadow imp (D:10)
  A white imp (D:9)
  3 oozes
  An adder zombie (D:9)
  5 adder skeletons
  2 leopard geckos
  69 orcs
  A ball python (D:4)
  5 giant cockroaches
  20 goblins
  9 hobgoblins
  10 jackals
  16 kobolds
  A quokka (D:9)
  3 bats
  2 frilled lizards
  A leopard gecko skeleton (D:4)
  A quokka skeleton (D:4)
  A quokka zombie (D:5)
  4 rats
  A plant (Lair:4)
534 creatures vanquished.

Vanquished Creatures (collateral kills)
  A water moccasin (Lair:5)
  An orc warrior (D:5)
  2 wolves (Lair:3)
  A fungus (Lair:4)
5 creatures vanquished.

Vanquished Creatures (others)
  A two-headed ogre (Volcano)
  A dancing weapon (Lair:4)
  2 fungi
  2 plants
6 creatures vanquished.

Grand Total: 545 creatures vanquished

Notes
Turn   | Place    | Note
-------+----------+-------------------------------------------
     0 | D:1      | ZulDrogKhan the Ogre Hedge Wizard began the quest for the
                  | Orb.
     0 | D:1      | Reached XP level 1. HP: 16/16 MP: 5/5
    25 | D:1      | Reached skill level 1 in Conjurations
   344 | D:1      | Reached XP level 2. HP: 24/24 MP: 4/6
   856 | D:1      | Reached XP level 3. HP: 30/31 MP: 0/8
  1318 | D:2      | Noticed Robin
  1497 | D:1      | Reached skill level 1 in Maces & Flails
  1650 | D:1      | Killed Robin
  1743 | D:2      | Learned a level 2 spell: Blink
  1747 | D:2      | Learned a level 3 spell: Mephitic Cloud
  1750 | D:2      | Learned a level 2 spell: Call Imp
  1821 | D:2      | Reached XP level 4. HP: 37/39 MP: 4/9
  2218 | D:3      | Gained mutation: You are robust. (+10% HP) [potion of
                  | mutation]
  2218 | D:3      | Gained mutation: You are partially covered in icy blue
                  | scales. (AC +2) [potion of mutation]
  2218 | D:3      | Gained mutation: Your spells are a little harder to cast,
                  | but a little more powerful. [potion of mutation]
  2218 | D:3      | Gained mutation: Your mind is acute. (Int +2) [potion of
                  | mutation]
  2220 | D:3      | Reached XP level 5. HP: 8/49 MP: 0/10
  2859 | D:3      | Noticed Grinder
  3313 | D:3      | Learned a level 3 spell: Conjure Flame
  3380 | D:3      | Reached XP level 6. HP: 58/58 MP: 11/11
  3462 | D:3      | Paralysed by Grinder for 6 turns
  3469 | D:3      | Killed Grinder
  3469 | D:3      | Reached XP level 7. HP: 64/64 MP: 2/12
  3734 | D:4      | Reached skill level 5 in Conjurations
  3809 | D:4      | Noticed Dowan
  3820 | D:4      | Killed Dowan
  3865 | D:4      | Noticed Duvessa
  4126 | D:4      | Reached skill level 1 in Air Magic
  4247 | D:4      | Killed Duvessa
  4636 | D:4      | Found Torymohu's Armour Boutique.
  4799 | D:5      | Entered Level 5 of the Dungeon
  4803 | D:5      | Noticed Gargoyl's ghost (amateur CeAK)
  4813 | D:5      | Identified the +8 hand axe of the Realm of Zot {vorpal,
                  | SInv}
  4813 | D:5      | Identified the +6 chain mail "Niuc" {+Fly rElec rCorr
                  | Int-5}
  4910 | D:5      | Reached XP level 8. HP: 70/73 MP: 8/15
  4960 | D:5      | Found a runed translucent gate.
  4960 | D:5      | Found a runed translucent gate.
  4960 | D:5      | Found a runed translucent gate.
  5083 | D:5      | Reached skill level 5 in Spellcasting
  5095 | D:5      | Reached skill level 5 in Maces & Flails
  5688 | D:5      | Reached skill level 1 in Summonings
  5821 | D:5      | Found a sacrificial altar of Ru.
  6335 | D:5      | Reached skill level 1 in Translocations
  6358 | D:5      | Found Ydwief's Weapon Boutique.
  6441 | D:5      | Found a roughly hewn altar of Beogh.
  6533 | D:6      | Found an opulent altar of Gozag.
  6541 | D:6      | Reached XP level 9. HP: 81/81 MP: 9/16
  7919 | D:6      | Found a shadowy altar of Dithmenos.
  8385 | D:6      | Found a staircase to the Ecumenical Temple.
  8554 | Temple   | Entered the Ecumenical Temple
  8725 | D:6      | Noticed Pikel
  8832 | D:6      | Killed Pikel
  9307 | D:7      | Reached XP level 10. HP: 40/89 MP: 4/17
  9907 | D:7      | Reached skill level 1 in Evocations
 10274 | D:7      | Found a snail-covered altar of Cheibriados.
 10274 | D:7      | Found a blossoming altar of Fedhas.
 10805 | D:8      | Found Axavvod's Armour Emporium.
 11070 | Temple   | Became a worshipper of Warmaster Okawaru
 11260 | D:8      | Found a staircase to the Lair.
 11293 | D:8      | Found a radiant altar of Vehumet.
 11294 | D:8      | Found a burning altar of Makhleb.
 11536 | D:8      | Found an iron altar of Okawaru.
 11690 | D:9      | Reached * piety under Okawaru
 11807 | D:9      | Got a heavily runed wooden ring
 11818 | D:9      | Identified the ring "Ocuz" {rElec rPois rF+ SInv} (You
                  | found it on level 9 of the Dungeon)
 11882 | D:9      | Learned a level 3 spell: Portal Projectile
 11887 | D:9      | Learned a level 4 spell: Cause Fear
 11996 | D:9      | Found a shimmering blue altar of Sif Muna.
 12433 | D:9      | Noticed a manticore
 12455 | D:9      | Reached skill level 5 in Evocations
 12471 | D:9      | HP: 1/89 [manticore/volley of spikes (14)]
 12480 | D:9      | Killed a manticore
 12480 | D:9      | Reached XP level 11. HP: 30/96 MP: 2/18
 12767 | D:10     | Entered Level 10 of the Dungeon
 12782 | D:10     | Noticed a manticore
 12800 | D:10     | Noticed a two-headed ogre
 12870 | D:10     | Reached ** piety under Okawaru
 12878 | D:10     | Found a transporter.
 12912 | D:10     | Noticed pentaxis93's ghost (novice OpCj)
 12912 | D:10     | Identified the +4 dire flail "Tepaumics" {drain, Fragile
                  | +Inv rElec Stlth+}
 12912 | D:10     | Noticed a two-headed ogre
 12919 | D:10     | Found a transporter.
 13406 | D:10     | Noticed a two-headed ogre
 13534 | D:10     | Killed a manticore
 13534 | D:10     | Reached *** piety under Okawaru
 13534 | D:10     | Reached skill level 5 in Throwing
 13659 | D:10     | Noticed Sonja
 13784 | D:10     | Killed Sonja
 13963 | D:10     | Killed a two-headed ogre
 14180 | D:10     | Killed a two-headed ogre
 14180 | D:10     | Reached **** piety under Okawaru
 14292 | D:10     | Noticed Psyche
 14305 | D:10     | Killed Psyche
 14642 | D:10     | Killed a two-headed ogre
 14642 | D:10     | Reached skill level 5 in Fighting
 14642 | D:10     | Reached skill level 10 in Maces & Flails
 14677 | D:10     | Killed pentaxis93's ghost
 15006 | D:11     | Reached ***** piety under Okawaru
 15006 | D:11     | Reached skill level 1 in Hexes
 15052 | D:11     | Noticed a two-headed ogre
 15063 | D:11     | Killed a two-headed ogre
 15063 | D:11     | Received a gift from Okawaru
 15063 | D:11     | Reached XP level 12. HP: 112/125 MP: 14/19
 15570 | D:11     | Found Meorocibb's Weapon Boutique.
 15644 | D:12     | Found a staircase to the Orcish Mines.
 16471 | D:12     | You fall into a shaft and drop 1 floor!
 16476 | D:13     | Reached skill level 5 in Hexes
 16503 | D:13     | Received a gift from Okawaru
 16637 | D:13     | Noticed a two-headed ogre
 16827 | D:13     | Killed a two-headed ogre
 16849 | D:13     | Learned a level 5 spell: Irradiate
 17010 | D:13     | Noticed a two-headed ogre
 17383 | D:13     | Found a gate to the Vaults.
 17383 | D:13     | Noticed Nessos
 17550 | D:12     | Reached skill level 1 in Transmutations
 17559 | D:12     | Killed a two-headed ogre
 17953 | D:13     | Reached XP level 13. HP: 72/132 MP: 8/23
 17958 | D:13     | Killed Nessos
 18546 | D:13     | Reached skill level 5 in Transmutations
 18745 | Lair:1   | Entered Level 1 of the Lair of Beasts
 19308 | Lair:1   | Received a gift from Okawaru
 19935 | Lair:2   | Learned a level 1 spell: Animate Skeleton
 19945 | Lair:2   | Reached skill level 10 in Conjurations
 20221 | Lair:2   | Reached skill level 1 in Necromancy
 20256 | Lair:2   | Found a staircase to the Shoals.
 21230 | Lair:3   | Received a gift from Okawaru
 21301 | Lair:3   | Found a dark tunnel.
 21322 | Volcano  | Entered a volcano
 21344 | Volcano  | Found a radiant altar of Vehumet.
 21382 | Volcano  | Received a gift from Okawaru
 21760 | Volcano  | Learned a level 3 spell: Tukima's Dance
 21997 | Lair:3   | Received a gift from Okawaru
 22053 | Lair:3   | Reached XP level 14. HP: 63/143 MP: 20/26
 22105 | Lair:3   | Got a dazzling giant club {god gift}
 23144 | Lair:4   | Found a staircase to the Snake Pit.
 23205 | Lair:4   | Received a gift from Okawaru
 23238 | Lair:4   | Got a smouldering giant club {god gift}
 23258 | Lair:4   | Learned a level 5 spell: Fireball
 23594 | Lair:4   | Noticed Snorg
 23650 | Lair:4   | Killed Snorg
 24414 | Lair:5   | Reached skill level 5 in Dodging
 24528 | Lair:5   | Reached skill level 1 in Armour
 24639 | Lair:5   | Found a staircase to the Slime Pits.
 24639 | Lair:5   | Found a viscous altar of Jiyva.
 24730 | Lair:5   | Received a gift from Okawaru
 24731 | Lair:5   | Found the +8 Wrath of Trog {antimagic, *Rage}
 25430 | Lair:6   | Entered Level 6 of the Lair of Beasts
 25859 | Lair:6   | Slain by a blink frog

Illustrated notes

Levels and vault maps discovered:
D:1:      wheals_arrival_linesprint, layout_basic
D:2:      layout_rooms, ebering_dispersal_statue_hall, uniq_robin
D:3:      layout_rooms, uniq_grinder
D:4:      layout_cave_pods, serial_shops, shop_statue, st_stairs_6, uniq_duvessa
D:5:      layout_loops_ring, lemuel_doored_altar, biasface_ghost_orc_armoury,
          serial_shops, shop
D:6:      layout_loops_ring, nicolae_dithmenos_shadow_blocks,
          minmay_temple_entry_fiery, basic_altar, grunt_potential, uniq_pikel
D:7:      layout_cave_pods, gammafunk_temple_overflow_elements,
          serial_column_ruins, column_ruins_grid_5, column_ruins_hut,
          column_ruins_columns_corner, column_ruins_grid_1, column_ruins_grid_3,
          column_ruins_columns_corner, column_ruins_grid_3, column_ruins_grid_3,
          column_ruins_columns_straight
D:8:      layout_basic, grunt_temple_overflow_lords_of_destruction,
          dpeg_oklobed_lair, basic_altar, serial_shops, shop
D:9:      layout_basic, lemuel_round_altar
D:10:     layout_loops_ring, gammafunk_ghost_smash, uniq_psyche, uniq_sonja
D:11:     layout_roguey, serial_shops, shop
D:12:     layout_rooms, orc_0_dummy, minmay_misc_feat_plants, roderic_lattice_a
D:13:     layout_loops_ring, david_vaults_3
Temple:   eino_wide_crystal_templ
Lair:1:   layout_loops_ring, chequers_serial_rivers_small_b,
          infiniplex_staircase_pool, grunt_megastairs_1
Lair:2:   layout_hall_layers, elwin_shoals_entry_stream, special_room
          [special_room_bee], grunt_megastairs_4
Lair:3:   layout_loops_ring, nicolae_volcano_entry_two_sided,
          grunt_forest_large_clearings
Lair:4:   layout_loops_ring, guppyfry_snake_entry_island,
          minmay_lair_drake_nest, uniq_snorg
Lair:5:   layout_hall_layers, slime_altar_1, grunt_megastairs_3
Lair:6:   due_jungle_book, layout_gridlike

Skill      XL: |  1  2  3  4  5  6  7  8  9 10 11 12 13 14 |
---------------+-------------------------------------------+-----
Conjurations   | 1 2 3 4 5 6 8 9 11 | 11.0
Maces & Flails | 1 2 3 4 6 7 8 10 11 | 11.2
Spellcasting   | 4 5 7 8 9 |  9.0
Air Magic      | 2 |  2.0
Summonings     | 3 |  3.1
Translocations | 1 2 |  2.0
Evocations     | 5 |  5.0
Throwing       | 2 5 8 |  8.0
Invocations    | 2 |  2.3
Fighting       | 6 |  6.0
Hexes          | 2 5 |  5.3
Transmutations | 3 6 |  6.1
Necromancy     | 4 |  4.0
Dodging        | 5 |  5.0
Armour         | 3 |  3.6
Stealth        | |  1.4

Action                   |  1- 3 |  4- 6 |  7- 9 | 10-12 | 13-15 || total
-------------------------+-------+-------+-------+-------+-------++-------
Melee: Dagger            |    10 |       |       |       |       ||    10
       Club              |    70 |    28 |       |       |       ||    98
       Flail             |       |    50 |   393 |   539 |       ||   982
       Dire flail        |       |       |       |   250 |   602 ||   852
Throw: Large rock        |       |       |       |    14 |    52 ||    66
 Cast: Magic Dart        |    67 |    62 |   180 |   206 |    70 ||   585
       Mephitic Cloud    |       |     2 |    18 |    31 |     9 ||    60
       Blink             |       |       |     7 |    16 |     8 ||    31
       Call Imp          |       |       |     2 |     4 |     2 ||     8
       Conjure Flame     |       |       |       |    18 |    10 ||    28
       Portal Projectile |       |       |       |     7 |    20 ||    27
       Irradiate         |       |       |       |     1 |    13 ||    14
       Cause Fear        |       |       |       |     1 |     1 ||     2
       Animate Skeleton  |       |       |       |       |    49 ||    49
       Tukima's Dance    |       |       |       |       |     3 ||     3
Invok: Heroism           |       |       |       |     1 |    10 ||    11
Evoke: Wand              |       |       |       |     7 |     4 ||    11
  Use: Potion            |       |     2 |       |     3 |     3 ||     8
       Scroll            |       |     4 |     7 |     7 |     6 ||    24
 Stab: Confused          |       |       |    13 |    19 |     7 ||    39
       Sleeping          |       |       |     1 |     6 |     6 ||    13
       Paralysed         |       |       |       |    22 |       ||    22
Armor: Robe              |    27 |       |   125 |   337 |   134 ||   623
       Animal skin       |     8 |    38 |    63 |       |       ||   109
       Skin              |       |     1 |       |       |       ||     1
Dodge: Dodged            |    65 |    51 |   194 |   431 |   274 ||  1015

Table legend:
 A = Non-vault XP
 B = Vault XP
 C = Vault XP percentage of total XP
 D = Non-vault monster count
 E = Vault monster count
 F = Vault count percentage of total count
                 A         B        C        D         E       F
            +---------+---------+-------+---------+---------+-------
      Total |   49730 |   26705 |  34.9 |     414 |     120 |  22.5
            +---------+---------+-------+---------+---------+-------
        D:1 |      41 |      24 |  36.9 |      23 |       5 |  17.9
        D:2 |      47 |      13 |  21.7 |       7 |       7 |  50.0
        D:3 |     245 |     300 |  55.0 |      21 |       1 |   4.5
        D:4 |     218 |     212 |  49.3 |      12 |       2 |  14.3
        D:5 |    1335 |     138 |   9.4 |      36 |       4 |  10.0
        D:6 |     765 |    1065 |  58.2 |      23 |      13 |  36.1
        D:7 |    1600 |       0 |   0.0 |      28 |       0 |   0.0
        D:8 |    1333 |      48 |   3.5 |      26 |       1 |   3.7
        D:9 |    2677 |       0 |   0.0 |      39 |       0 |   0.0
       D:10 |    4434 |    3017 |  40.5 |      31 |       5 |  13.9
       D:11 |    3010 |       0 |   0.0 |      25 |       0 |   0.0
       D:12 |    3952 |    3972 |  50.1 |      17 |      17 |  50.0
       D:13 |    4672 |    1961 |  29.6 |      18 |       3 |  14.3
     Lair:1 |    1902 |       0 |   0.0 |      10 |       0 |   0.0
     Lair:2 |    3528 |    2480 |  41.3 |      16 |      19 |  54.3
     Lair:3 |    4528 |    2951 |  39.5 |      20 |      26 |  56.5
     Lair:4 |    6836 |    2662 |  28.0 |      26 |       6 |  18.8
     Lair:5 |    3126 |     918 |  22.7 |      10 |       3 |  23.1
     Lair:6 |    5481 |       0 |   0.0 |      26 |       0 |   0.0
    Volcano |       0 |    6944 | 100.0 |       0 |       8 | 100.0
            +---------+---------+-------+---------+---------+-------
